[Event "Tuesday 30 January Rapid Engine Tour 12+1 Rounds 9 Starts 1600 ST"]
[Site "Infinity Chess"]
[Date "2018.1.30"]
[Round "8"]
[White "KRAKEN"]
[Black "Wolle"]
[Result "1-0"]
[ECO "D11"]
[WhiteElo "2481"]
[BlackElo "2467"]
[WhiteEngine "Raubfisch ME262_GTZ16c_CTG"]
[BlackEngine "Raubfisch X37a2_CTG"]
[EventType "Swiss"]
[WhiteTeam ""]
[BlackTeam ""]
[PlyCount "163"]
[TimeControl "720+1"]

1. d4 d5 2. c4 c6 3. Nf3 Nf6 4. e3 e6 5. Nbd2 c5 6. cxd5 exd5 7. b3 Nc6 
8. Bb2 a6 9. Be2 Bd6 10. dxc5 Bxc5 11. Qc2 Bd6 12. O-O O-O 13. Rfd1 Nb4 
14. Qb1 Qe7 15. Nd4 Nc6 16. Nxc6 bxc6 17. Qc2 Bb7 18. Bf3 Rfe8 19. g3 Rad8 
20. Rac1 Qe6 21. Bg2 h6 22. Qd3 Rd7 23. Bd4 Ba3 24. Rc2 Ne4 25. Ba1 Red8 
26. Qd4 Bf8 27. Qe5 Nxd2 28. Rcxd2 c5 29. Bc3 Bc6 30. h4 Qg4 31. Qf4 Qe6 
32. Bf3 Bd6 33. Qg4 f5 34. Qh3 Bc7 35. Qg2 Rd6 36. Rc1 Bb6 37. Bb2 Be8 
38. Kh2 d4 39. exd4 cxd4 40. Ba3 R6d7 41. Rc6 Qe5 42. Re2 Qa5 43. Bd6 Rxd6 
44. Rxe8+ Rxe8 45. Rxd6 d3 46. Bh5 Rf8 47. f4 Qb5 48. Bg6 Ba5 49. Rd5 Qb6 
50. Bxf5 d2 51. Bc2 Rc8 52. Bd1 Rd8 53. a3 Kh8 54. Rxd8+ Qxd8 55. Qf1 g6 
56. h5 gxh5 57. Qxa6 Qb6 58. Qa8+ Qd8 59. Qxd8+ Bxd8 60. Bxh5 Bf6 61. Kg2 Kg7 
62. Kf2 Bb2 63. a4 Bc3 64. Ke3 Ba5 65. Kd4 Bb6+ 66. Kc4 Kf6 67. b4 d1=Q 
68. Bxd1 Ba7 69. a5 Bb8 70. b5 Bc7 71. b6 Bd8 72. Kb5 Kf5 73. a6 Bxb6 
74. Kxb6 h5 75. Bxh5 Ke4 76. a7 Kd3 77. a8=Q Kc2 78. Qa3 Kd2 79. Qb2+ Ke3 
80. Kc5 Ke4 81. Qe2+ Kf5 82. Qe5# 1-0

[Event "Tuesday 30 January Rapid Engine Tour 12+1 Rounds 9 Starts 1600 ST"]
[Site "Infinity Chess"]
[Date "2018.1.30"]
[Round "8"]
[White "MCDermont"]
[Black "RonWeasley"]
[Result "1/2-1/2"]
[ECO "C12"]
[WhiteElo "2491"]
[BlackElo "2467"]
[WhiteEngine "BrainFish 060118_CTG"]
[BlackEngine "BrainFish 060118_CTG"]
[EventType "Swiss"]
[WhiteTeam ""]
[BlackTeam ""]
[PlyCount "147"]
[TimeControl "720+1"]

1. e4 e6 2. d4 d5 3. Nc3 Nf6 4. Bg5 Bb4 5. e5 h6 6. Bd2 Bxc3 7. bxc3 Ne4 
8. Qg4 Kf8 9. Bd3 Nxd2 10. Kxd2 c5 11. h4 Qa5 12. Rh3 cxd4 13. Rg3 Qxc3+ 
14. Ke2 Rg8 15. Re1 Nc6 16. Kf1 Qb4 17. Nf3 Ke8 18. Qf4 Bd7 19. Bh7 d3 
20. Qxb4 Nxb4 21. Bxg8 dxc2 22. Rc1 Ba4 23. Nd4 Nxa2 24. Rxc2 Bxc2 25. Nxc2 Rc8 
26. Nd4 Kf8 27. Bh7 Nb4 28. Bd3 Rc3 29. Ke2 Ra3 30. Kd2 Nc6 31. Nxc6 bxc6 
32. Re3 Ra2+ 33. Bc2 c5 34. Rb3 g5 35. h5 a5 36. Rb8+ Kg7 37. f3 c4 38. Kc1 Ra3 
39. Ra8 Ra1+ 40. Kd2 Ra2 41. Kc1 Ra1+ 42. Kb2 Rg1 43. g4 Re1 44. Rxa5 Rxe5 
45. Bd1 Re3 46. Kc2 Kf6 47. Ra7 d4 48. Rc7 Rc3+ 49. Kd2 Rd3+ 50. Ke2 Re3+ 
51. Kd2 Rd3+ 52. Kc1 c3 53. Rd7 Rd2 54. Bb3 Rd3 55. Bd1 Kg7 56. Bb3 Kf6 
57. Kc2 Rxf3 58. Rxd4 Ke5 59. Ra4 Rf4 60. Kxc3 Rxa4 61. Bxa4 Kf4 62. Bd1 f6 
63. Kd2 f5 64. gxf5 exf5 65. Bc2 g4 66. Bb3 Kf3 67. Ke1 g3 68. Kf1 g2+ 
69. Kg1 f4 70. Bd5+ Ke3 71. Kxg2 Kd4 72. Bb7 Ke3 73. Bf3 Kd3 74. Kh3 1/2-1/2

[Event "Tuesday 30 January Rapid Engine Tour 12+1 Rounds 9 Starts 1600 ST"]
[Site "Infinity Chess"]
[Date "2018.1.30"]
[Round "8"]
[White "Neoxium"]
[Black "tris77"]
[Result "1-0"]
[ECO "E10"]
[WhiteElo "2485"]
[BlackElo "2415"]
[WhiteEngine "Stockfish SL FA PB BMI2"]
[BlackEngine "stockfish_18012814_x64_modern_CTG"]
[EventType "Swiss"]
[WhiteTeam ""]
[BlackTeam ""]
[PlyCount "161"]
[TimeControl "720+1"]

1. d4 Nf6 2. c4 e6 3. Nf3 d5 4. Nc3 c6 5. e3 Nbd7 6. Bd3 dxc4 7. Bxc4 b5 
8. Bd3 Bb7 9. a3 a6 10. b4 a5 11. Rb1 axb4 12. axb4 Nd5 13. Nxd5 exd5 
14. Qc2 Nf6 15. Ne5 Rc8 16. O-O Bd6 17. f3 O-O 18. Bd2 Re8 19. Bc3 Ra8 20. g4 g6 
21. Rf2 Ra3 22. Qb2 Ra6 23. h4 Nd7 24. h5 Bc7 25. hxg6 fxg6 26. Rh2 Nxe5 
27. dxe5 Qg5 28. Qf2 Bb6 29. f4 Qxg4+ 30. Rg2 Qh5 31. Rf1 d4 32. exd4 Qh3 
33. Rg3 Qh6 34. Be4 Ra3 35. Kg2 Rea8 36. Re1 Ra2 37. Re2 Rxe2 38. Qxe2 Qxf4 
39. Bxg6 Kh8 40. Bd2 c5+ 41. Kh3 Bc8+ 42. e6 Bxe6+ 43. Qxe6 Qf1+ 44. Kg4 Qd1+ 
45. Kh4 Bd8+ 46. Kh3 Qf1+ 47. Kg4 Qd1+ 48. Rf3 Qg1+ 49. Kh5 Qh1+ 50. Qh3 Qxh3+ 
51. Rxh3 Ra2 52. Bg5 Bxg5 53. Kxg5 Rg2+ 54. Kf5 Rxg6 55. bxc5 Kg7 56. d5 h6 
57. c6 Kf7 58. c7 Rg5+ 59. Kf4 Rg8 60. Rxh6 Ke7 61. Rb6 Rh8 62. Rb8 Rh4+ 
63. Kg5 Rc4 64. c8=Q Rxc8 65. Rxc8 Kd6 66. Rb8 Kxd5 67. Rxb5+ Ke4 68. Kf6 Kd4 
69. Rb4+ Kc3 70. Ra4 Kd3 71. Ke5 Kd2 72. Ra3 Ke2 73. Kd4 Kf2 74. Ke4 Ke2 
75. Ra2+ Kd1 76. Kd4 Kc1 77. Kd3 Kb1 78. Rc2 Ka1 79. Kc4 Kb1 80. Kb3 Ka1 
81. Rc1# 1-0

[Event "Tuesday 30 January Rapid Engine Tour 12+1 Rounds 9 Starts 1600 ST"]
[Site "Infinity Chess"]
[Date "2018.1.30"]
[Round "8"]
[White "MarioDeMonti"]
[Black "Vimtiroba"]
[Result "1/2-1/2"]
[ECO "C53"]
[WhiteElo "2476"]
[BlackElo "2464"]
[WhiteEngine "stockfish_x64_bmi2_2018_01_23_CTG"]
[BlackEngine "Corchess 2.0a_CTG"]
[EventType "Swiss"]
[WhiteTeam ""]
[BlackTeam ""]
[PlyCount "103"]
[TimeControl "720+1"]

1. e4 e5 2. Nf3 Nc6 3. Bc4 Bc5 4. c3 Nf6 5. d3 d6 6. O-O a5 7. Re1 O-O 
8. Nbd2 Ba7 9. h3 Be6 10. Bb5 Ne7 11. d4 Ng6 12. Ba4 Nh5 13. Nf1 c6 14. Bc2 Nhf4 
15. Ng3 f6 16. Nf5 d5 17. N3h4 Qd7 18. Be3 dxe4 19. Bxe4 exd4 20. Nxd4 Nxh4 
21. Bxf4 Bxd4 22. cxd4 Bf5 23. f3 Bxe4 24. fxe4 Ng6 25. Bg3 Rad8 26. Kh2 Qxd4 
27. Qb3+ Kh8 28. Qxb7 h6 29. Bc7 Ra8 30. a3 Rfe8 31. Rad1 Qa7 32. Qxa7 Rxa7 
33. Bb6 Ra6 34. Bd4 a4 35. Bc3 Ne5 36. Re2 Kh7 37. Rd6 Rb6 38. Bd4 Ra6 
39. Kg3 Kg6 40. Kf4 Kf7 41. Bxe5 Rxe5 42. h4 g5+ 43. hxg5 hxg5+ 44. Kf3 Rc5 
45. Rf2 Ke7 46. Rfd2 Rb6 47. Rd7+ Ke6 48. R2d6+ Ke5 49. Rd3 Ke6 50. R3d6+ Ke5 
51. Rd3 Ke6 52. R3d6+ 1/2-1/2

[Event "Tuesday 30 January Rapid Engine Tour 12+1 Rounds 9 Starts 1600 ST"]
[Site "Infinity Chess"]
[Date "2018.1.30"]
[Round "8"]
[White "SkyPilot"]
[Black "Thinker"]
[Result "1-0"]
[ECO "C53"]
[WhiteElo "2512"]
[BlackElo "2415"]
[WhiteEngine "stockfish_x64_bmi2_2018_01_23_CTG"]
[BlackEngine "stockfish_18013009_x64_modern_CTG"]
[EventType "Swiss"]
[WhiteTeam ""]
[BlackTeam ""]
[PlyCount "177"]
[TimeControl "720+1"]

1. e4 e5 2. Nf3 Nc6 3. Bc4 Bc5 4. c3 Nf6 5. d3 O-O 6. O-O d6 7. Bg5 h6 8. Bh4 a6 
9. Nbd2 Bb6 10. a4 Kh8 11. b4 g5 12. Bg3 Ba7 13. Bb3 Kg7 14. h3 Nh5 15. Bh2 Nf4 
16. Bxf4 gxf4 17. Kh1 Kh8 18. Qe2 Qf6 19. b5 Na5 20. Bd5 Bb6 21. d4 Rg8 
22. Rg1 Rg7 23. Qd3 Ra7 24. Ba2 Rg8 25. Kh2 Ra8 26. g4 Qe7 27. Rg2 Rg7 
28. Rag1 axb5 29. axb5 Rh7 30. dxe5 dxe5 31. Qd5 Bc5 32. Nxe5 Be6 33. Qxe6 fxe6 
34. Ng6+ Kg8 35. Nxe7+ Rxe7 36. g5 h5 37. e5 Rd8 38. Ne4 f3 39. Nxc5 fxg2 
40. Rxg2 b6 41. Ne4 Kg7 42. h4 c6 43. bxc6 Nxc6 44. f4 b5 45. Ng3 b4 
46. cxb4 Rd4 47. Nxh5+ Kg6 48. Nf6 Kf5 49. g6 Nxe5 50. fxe5 Rxh4+ 51. Kg1 Kxe5 
52. g7 Rxg7 53. Rxg7 Kxf6 54. Rb7 Rd4 55. Bb3 e5 56. Kf2 e4 57. Ke3 Rd3+ 
58. Kxe4 Rxb3 59. Kd5 Kg5 60. b5 Kf5 61. Kc6 Rc3+ 62. Kb6 Rb3 63. Rc7 Rb1 
64. Rc5+ Ke4 65. Kc6 Rg1 66. b6 Rg6+ 67. Kb5 Rg7 68. Ka6 Kd4 69. Rc8 Rg6 
70. Ka7 Rg7+ 71. b7 Kd5 72. Kb6 Rg6+ 73. Kb5 Rg1 74. Rd8+ Ke6 75. b8=Q Rb1+ 
76. Kc5 Rxb8 77. Rxb8 Ke5 78. Rb4 Ke6 79. Re4+ Kf5 80. Kd5 Kf6 81. Re5 Kf7 
82. Re6 Kg7 83. Ke5 Kf7 84. Kf5 Kg7 85. Re7+ Kf8 86. Kf6 Kg8 87. Re8+ Kh7 
88. Rc8 Kh6 89. Rh8# 1-0

[Event "Tuesday 30 January Rapid Engine Tour 12+1 Rounds 9 Starts 1600 ST"]
[Site "Infinity Chess"]
[Date "2018.1.30"]
[Round "7"]
[White "ludimilojko"]
[Black "star99"]
[Result "0-1"]
[ECO "A01"]
[WhiteElo "2276"]
[BlackElo "2368"]
[WhiteEngine "corchess_x64_CTG"]
[BlackEngine "Cryptic AIL V2"]
[EventType "Swiss"]
[WhiteTeam ""]
[BlackTeam ""]
[PlyCount "73"]
[TimeControl "720+1"]

1. b3 e5 2. Bb2 Nc6 3. e3 Nf6 4. c4 d5 5. cxd5 Nxd5 6. a3 g6 7. Bb5 Bg7 
8. d4 O-O 9. Bxc6 bxc6 10. dxe5 Ba6 11. Nf3 Qb8 12. Nc3 Nxc3 13. Bxc3 Qb6 
14. b4 c5 15. bxc5 Qxc5 16. Bb4 Qb6 17. Bxf8 Bxf8 18. Rb1 Qa5+ 19. Qd2 Qxa3 
20. Qd4 c5 21. Qb2 Qa5+ 22. Qd2 Qa4 23. Qd5 Qc2 24. Qd1 Qc3+ 25. Qd2 Qc4 
26. Rb2 Be7 27. Qc2 Qg4 28. Ra2 Bb5 29. Qb2 Qc4 30. Qc2 Qd5 31. e4 Qe6 
32. Ra3 Rd8 33. Rc3 Qa6 34. h4 Ba4 35. Qc1 Rd1+ 36. Qxd1 Bxd1 37. Kxd1 0-1

[Event "Tuesday 30 January Rapid Engine Tour 12+1 Rounds 9 Starts 1600 ST"]
[Site "Infinity Chess"]
[Date "2018.1.30"]
[Round "7"]
[White "angriff"]
[Black "aficionado"]
[Result "1/2-1/2"]
[ECO "D30"]
[WhiteElo "2408"]
[BlackElo "2199"]
[WhiteEngine "Stockfish SL FA POPCNT_CTG"]
[BlackEngine "asmFishW_2017-12-20_base_CTG"]
[EventType "Swiss"]
[WhiteTeam ""]
[BlackTeam ""]
[PlyCount "64"]
[TimeControl "720+1"]

1. d4 d5 2. c4 e6 3. Nf3 Nf6 4. Nc3 c6 5. e3 Nbd7 6. Bd3 dxc4 7. Bxc4 b5 
8. Bd3 Bb7 9. O-O a6 10. e4 c5 11. d5 Qc7 12. Bc2 c4 13. dxe6 fxe6 14. Nd4 Nc5 
15. Qe2 Bd6 16. f4 e5 17. Ndxb5 axb5 18. Nxb5 Qb6 19. Nxd6+ Qxd6 20. fxe5 Qxe5 
21. Rf5 Qd6 22. Qxc4 Ncd7 23. Qb3 Bxe4 24. Bxe4 Qd4+ 25. Be3 Qxe4 26. Rb5 Rc8 
27. Re1 Kf8 28. Rb7 Qc4 29. Qd1 Qc6 30. Qb3 Qc4 31. Qd1 Qc6 32. Qb3 Qc4 1/2-1/2

[Event "Tuesday 30 January Rapid Engine Tour 12+1 Rounds 9 Starts 1600 ST"]
[Site "Infinity Chess"]
[Date "2018.1.30"]
[Round "7"]
[White "Dinkelberger"]
[Black "Ryzen"]
[Result "1/2-1/2"]
[ECO "C77"]
[WhiteElo "2379"]
[BlackElo "2395"]
[WhiteEngine "stockfish_18012814_x64_modern_CTG"]
[BlackEngine "Houdini 6"]
[EventType "Swiss"]
[WhiteTeam ""]
[BlackTeam ""]
[PlyCount "126"]
[TimeControl "720+1"]

1. e4 e5 2. Nf3 Nc6 3. Bb5 a6 4. Ba4 Nf6 5. O-O Be7 6. Re1 b5 7. Bb3 O-O 
8. c3 d5 9. exd5 Nxd5 10. Nxe5 Nxe5 11. Rxe5 c6 12. Re1 Bd6 13. d4 Qh4 
14. g3 Qh3 15. Qe2 Bd7 16. Qf1 Qf5 17. Be3 a5 18. a4 b4 19. Nd2 bxc3 
20. bxc3 Rab8 21. c4 Nb4 22. c5 Bc7 23. Rab1 h5 24. Ne4 Qg6 25. f3 Rbe8 
26. Bd2 h4 27. Re2 Bf5 28. Bxb4 axb4 29. Qg2 hxg3 30. hxg3 Rd8 31. Rd1 Rfe8 
32. Bc2 Qh6 33. Qf2 Re7 34. Qe1 Rb8 35. a5 Bxa5 36. Bb3 Be6 37. Rh2 Qxh2+ 
38. Kxh2 Bxb3 39. Rb1 Ba2 40. Rb2 Bd5 41. Qe3 Re6 42. Qd2 f5 43. Nd6 Bxf3 
44. Nxf5 Re2+ 45. Qxe2 Bxe2 46. Ne7+ Kf7 47. Nxc6 Rh8+ 48. Kg1 Bf3 49. Ne5+ Ke6 
50. Nxf3 g5 51. Nxg5+ Kd5 52. Nf3 Rb8 53. Kf2 b3 54. c6 Kxc6 55. Ke2 Bc3 
56. Rb1 Kd5 57. Kd3 Ba5 58. Rb2 Bc7 59. Nd2 Bxg3 60. Rxb3 Rxb3+ 61. Nxb3 Bf4 
62. Na1 Bc1 63. Nc2 Bg5 1/2-1/2

[Event "Tuesday 30 January Rapid Engine Tour 12+1 Rounds 9 Starts 1600 ST"]
[Site "Infinity Chess"]
[Date "2018.1.30"]
[Round "7"]
[White "IronMan"]
[Black "KhalidOmar"]
[Result "1/2-1/2"]
[ECO "A13"]
[WhiteElo "2410"]
[BlackElo "2425"]
[WhiteEngine "Eman 1.68c 64-bit BMI2"]
[BlackEngine "Eman 1.68c 64-bit BMI2"]
[EventType "Swiss"]
[WhiteTeam ""]
[BlackTeam ""]
[PlyCount "173"]
[TimeControl "720+1"]

1. c4 e6 2. d4 Nf6 3. Nf3 Bb4+ 4. Bd2 Bxd2+ 5. Qxd2 O-O 6. g3 b6 7. Bg2 d5 
8. O-O Bb7 9. cxd5 exd5 10. Nc3 Nbd7 11. Rfd1 Re8 12. e3 h6 13. b4 c6 
14. Qb2 Rb8 15. Rab1 Qe7 16. Rdc1 Rec8 17. a4 Qe6 18. Bf1 Ne8 19. Qa2 Nd6 
20. a5 Re8 21. b5 c5 22. Bg2 c4 23. a6 Ba8 24. h4 Rbd8 25. Qc2 Qf6 26. Kh2 Qe7 
27. Bh3 Rc8 28. Kg2 Rc7 29. Qe2 Qd8 30. Kh2 Qe7 31. Rc2 Qd8 32. Bg2 Qe7 
33. Rbc1 Rec8 34. Rb2 Ne4 35. Bh3 Qa3 36. Qc2 Qe7 37. Ng1 Rd8 38. Rf1 Rf8 
39. Nge2 Ndf6 40. Kg2 Re8 41. Rc1 Nd6 42. Rh1 Rb8 43. Rb4 Rd8 44. Rbb1 Re8 
45. Bf5 Rd8 46. Nf4 Nde4 47. Nfe2 Re8 48. Rbe1 Nd6 49. Nf4 g6 50. Bh3 Nfe4 
51. Nfe2 f5 52. Nxe4 dxe4 53. Nc3 Rf8 54. Qb2 Ne8 55. Kg1 Nf6 56. Rc1 Qd6 
57. Bf1 Bd5 58. Be2 Rfc8 59. Kg2 Bf7 60. Ra1 Kg7 61. Rad1 Nd5 62. Rb1 Rh8 
63. Nxd5 Bxd5 64. Qc3 Rcc8 65. Rbc1 g5 66. Kf1 f4 67. gxf4 gxf4 68. Rg1+ Kh7 
69. Rg4 Rhg8 70. Rxf4 Rg7 71. h5 Rcg8 72. Ke1 Rf8 73. Rxf8 Qxf8 74. Kd2 Qxf2 
75. Rf1 Qh2 76. Qb4 c3+ 77. Qxc3 Rg2 78. Re1 Qd6 79. Kd1 Bf7 80. Kc1 Qd5 
81. Qc6 Qb3 82. Qxe4+ Kh8 83. Qxg2 Qc3+ 84. Kb1 Qb3+ 85. Kc1 Qc3+ 86. Kb1 Qb3+ 
87. Kc1 1/2-1/2

[Event "Tuesday 30 January Rapid Engine Tour 12+1 Rounds 9 Starts 1600 ST"]
[Site "Infinity Chess"]
[Date "2018.1.30"]
[Round "7"]
[White "BraveDevil"]
[Black "Paul"]
[Result "1/2-1/2"]
[ECO "C55"]
[WhiteElo "2431"]
[BlackElo "2420"]
[WhiteEngine "Cryptic AIL V2"]
[BlackEngine "Stockfish dev_CTG"]
[EventType "Swiss"]
[WhiteTeam ""]
[BlackTeam ""]
[PlyCount "134"]
[TimeControl "720+1"]

1. e4 e5 2. Nf3 Nc6 3. Bc4 Nf6 4. d3 Bc5 5. c3 d6 6. O-O O-O 7. h3 a5 8. Nbd2 h6 
9. Re1 a4 10. Nf1 Bd7 11. Bb5 Ne7 12. Bxd7 Qxd7 13. d4 Bb6 14. Ng3 Qb5 
15. Rb1 Rfe8 16. Be3 exd4 17. cxd4 d5 18. e5 Ne4 19. Nh4 Nxg3 20. fxg3 Qd7 
21. Rf1 Qe6 22. Qd3 c5 23. dxc5 Bc7 24. Rbe1 Rad8 25. Bd4 Nc6 26. Kh2 Nxe5 
27. Qd1 Qd7 28. Nf5 f6 29. b3 axb3 30. axb3 Nc6 31. Qg4 Rxe1 32. Rxe1 Be5 
33. Bxe5 Nxe5 34. Nxh6+ Kh7 35. Qxd7 Rxd7 36. Nf5 d4 37. b4 d3 38. Nd6 b6 
39. Rd1 bxc5 40. bxc5 Rc7 41. Ne4 f5 42. Ng5+ Kh6 43. Ne6 Rc8 44. Nf4 Rxc5 
45. Nxd3 Nxd3 46. Rxd3 Rc2 47. Rd5 Kg6 48. Rd6+ Kg5 49. Rd4 Rc3 50. Rd7 g6 
51. Rd5 Kh6 52. Rb5 Rc1 53. Rb4 Rc3 54. g4 fxg4 55. Rxg4 Kh5 56. Rb4 g5 
57. Re4 Rc2 58. Re3 Kg6 59. Re6+ Kf7 60. Rd6 Ra2 61. Kg3 Ra3+ 62. Kg4 Ra2 
63. g3 Ra5 64. h4 gxh4 65. Kxh4 Kg7 66. g4 Ra1 67. Kh5 Ra3 1/2-1/2

[Event "Tuesday 30 January Rapid Engine Tour 12+1 Rounds 9 Starts 1600 ST"]
[Site "Infinity Chess"]
[Date "2018.1.30"]
[Round "7"]
[White "hafaba"]
[Black "KULLANI"]
[Result "1/2-1/2"]
[ECO "D30"]
[WhiteElo "2452"]
[BlackElo "2426"]
[WhiteEngine "SF SL FA 26012018 POPCNT_CTG"]
[BlackEngine "BrainFish_180124_x64_CTG"]
[EventType "Swiss"]
[WhiteTeam ""]
[BlackTeam ""]
[PlyCount "104"]
[TimeControl "720+1"]

1. d4 d5 2. c4 e6 3. Nf3 Nf6 4. Nc3 c6 5. Bg5 h6 6. Bxf6 Qxf6 7. e3 Nd7 
8. Bd3 dxc4 9. Bxc4 g6 10. O-O Bg7 11. e4 e5 12. d5 Nb6 13. Nd2 O-O 14. Bb3 h5 
15. h3 Bh6 16. Qf3 Kg7 17. Rad1 Bd7 18. Qe2 Rac8 19. Rfe1 Rfd8 20. Nf3 Qe7 
21. dxc6 Bxc6 22. g3 f6 23. Nb5 Ra8 24. a3 Rxd1 25. Rxd1 a5 26. Ba2 Rd8 
27. Nc3 Rxd1+ 28. Qxd1 Nc8 29. Ne1 Kh7 30. Nd5 Qd8 31. Qb3 Bg7 32. g4 Bxd5 
33. Qxd5 Qxd5 34. Bxd5 b6 35. gxh5 gxh5 36. b3 Kg6 37. Kg2 f5 38. Kf3 Bf8 
39. exf5+ Kxf5 40. Nc2 Kf6 41. a4 Bc5 42. Ne3 Nd6 43. Nf1 b5 44. Ng3 h4 
45. Nf1 b4 46. Nd2 Kf5 47. Be4+ Ke6 48. Bc6 Bb6 49. Be4 Bd8 50. Bc6 Bb6 
51. Be4 Bc7 52. Bc6 Bb6 1/2-1/2

[Event "Tuesday 30 January Rapid Engine Tour 12+1 Rounds 9 Starts 1600 ST"]
[Site "Infinity Chess"]
[Date "2018.1.30"]
[Round "7"]
[White "KRAKEN"]
[Black "Marsell"]
[Result "1/2-1/2"]
[ECO "D30"]
[WhiteElo "2482"]
[BlackElo "2463"]
[WhiteEngine "Raubfisch ME262_GTZ16c_CTG"]
[BlackEngine "asmFishW_2018-01-11_popcnt"]
[EventType "Swiss"]
[WhiteTeam ""]
[BlackTeam ""]
[PlyCount "132"]
[TimeControl "720+1"]

1. d4 d5 2. c4 e6 3. Nf3 Nf6 4. Nc3 c6 5. Bg5 h6 6. Bxf6 Qxf6 7. e3 Nd7 
8. Be2 g6 9. O-O Be7 10. Qc2 O-O 11. Rad1 a6 12. a4 Re8 13. a5 Rb8 14. Ra1 Bf8 
15. Rab1 dxc4 16. Ne4 Qf5 17. Ra1 Nf6 18. Nxf6+ Qxf6 19. Bxc4 Kg7 20. Rfd1 Bd6 
21. Nd2 Qe7 22. Ne4 e5 23. Nxd6 Qxd6 24. Qc3 Bf5 25. f3 Qf6 26. dxe5 Qxe5 
27. Kf2 Qxc3 28. bxc3 Be6 29. Be2 Rbd8 30. Rab1 Rxd1 31. Rxd1 f5 32. f4 Kf7 
33. c4 Ke7 34. c5 Kf7 35. Bf3 Re7 36. Rd4 Kf6 37. Rd6 h5 38. e4 fxe4 
39. Bxe4 Kg7 40. Bb1 h4 41. g4 hxg3+ 42. hxg3 Bf5 43. Bxf5 gxf5 44. Kf3 Re4 
45. Rd7+ Kf6 46. Rxb7 Ra4 47. Rb6 Rxa5 48. Rxc6+ Ke7 49. Ke3 Ra4 50. Rg6 Rc4 
51. c6 Rb4 52. Kd3 Kd8 53. Rg7 Rb6 54. Kd4 Rxc6 55. Rg5 a5 56. Rxf5 Ra6 
57. Rd5+ Ke7 58. g4 a4 59. f5 a3 60. Re5+ Kf6 61. Re1 Ra4+ 62. Kd5 a2 
63. Ra1 Rxg4 64. Rxa2 Kf7 65. Ra8 Rg1 66. Ra6 Rb1 1/2-1/2

[Event "Tuesday 30 January Rapid Engine Tour 12+1 Rounds 9 Starts 1600 ST"]
[Site "Infinity Chess"]
[Date "2018.1.30"]
[Round "7"]
[White "Wolle"]
[Black "Vimtiroba"]
[Result "1/2-1/2"]
[ECO "C50"]
[WhiteElo "2467"]
[BlackElo "2464"]
[WhiteEngine "Raubfisch X37a2_CTG"]
[BlackEngine "Corchess 2.0a_CTG"]
[EventType "Swiss"]
[WhiteTeam ""]
[BlackTeam ""]
[PlyCount "133"]
[TimeControl "720+1"]

1. e4 e5 2. Nf3 Nc6 3. Bc4 Bc5 4. O-O Nf6 5. d3 a6 6. c3 Ba7 7. Re1 O-O 8. a4 d6 
9. h3 h6 10. Nbd2 Re8 11. b4 Be6 12. Bxe6 Rxe6 13. Qc2 Qd7 14. Rb1 b5 
15. Ra1 Ree8 16. Nf1 d5 17. Be3 Bxe3 18. Nxe3 Rad8 19. Red1 Qe6 20. Re1 Ne7 
21. axb5 axb5 22. Ra7 c6 23. Nh4 Nh5 24. Kh2 Nf4 25. Rea1 Rd7 26. Ra8 Rxa8 
27. Rxa8+ Kh7 28. Nf3 Neg6 29. Ra1 f6 30. Ra6 dxe4 31. dxe4 Rd8 32. Ra7 Rd7 
33. Rxd7 Qxd7 34. Ne1 Ne6 35. g3 c5 36. Nd5 cxb4 37. Nxb4 Ne7 38. Qd3 Nc5 
39. Qxd7 Nxd7 40. Na6 Nc8 41. f3 Nd6 42. Nc7 Nc5 43. Nc2 Na4 44. Nd5 Kg6 
45. g4 h5 46. Kg3 hxg4 47. hxg4 Nc5 48. Nc7 Na4 49. Nd5 Kg5 50. Ncb4 Nc5 
51. Nc7 Kg6 52. Ncd5 Kf7 53. g5 f5 54. exf5 Nxf5+ 55. Kg4 Nd6 56. Ne3 Ke6 
57. Ned5 e4 58. f4 Nd3 59. f5+ Nxf5 60. Nc7+ Ke5 61. Nc6+ Kd6 62. Kxf5 Kxc6 
63. Nxb5 Kxb5 64. Kxe4 Kc4 65. Kf5 g6+ 66. Kxg6 Ne5+ 67. Kf5 1/2-1/2

[Event "Tuesday 30 January Rapid Engine Tour 12+1 Rounds 9 Starts 1600 ST"]
[Site "Infinity Chess"]
[Date "2018.1.30"]
[Round "7"]
[White "Neoxium"]
[Black "Katzenmaier"]
[Result "1/2-1/2"]
[ECO "D85"]
[WhiteElo "2486"]
[BlackElo "2470"]
[WhiteEngine "Stockfish SL FA PB BMI2"]
[BlackEngine "SugaR XPrO x64 POPCNT"]
[EventType "Swiss"]
[WhiteTeam ""]
[BlackTeam ""]
[PlyCount "101"]
[TimeControl "720+1"]

1. d4 Nf6 2. c4 g6 3. Nc3 d5 4. cxd5 Nxd5 5. e4 Nxc3 6. bxc3 Bg7 7. Be3 c5 
8. Nf3 Qa5 9. Qd2 O-O 10. Rc1 Rd8 11. Be2 cxd4 12. cxd4 Qxd2+ 13. Bxd2 Nd7 
14. Be3 Nf6 15. Bd3 Ne8 16. h3 Be6 17. a3 Rac8 18. Ke2 f5 19. Ng5 fxe4 
20. Nxe6 exd3+ 21. Kxd3 Rxc1 22. Rxc1 Rd6 23. Nc5 Bxd4 24. Bxd4 e5 25. Ke4 exd4 
26. Nxb7 Rb6 27. Nc5 Rb2 28. Rf1 Rd2 29. a4 Nd6+ 30. Kd5 Nc8 31. Ke5 Rc2 
32. Nd3 Nb6 33. Ra1 a5 34. Kxd4 Rc4+ 35. Ke5 Rxa4 36. Rxa4 Nxa4 37. f3 Nc3 
38. Nc5 g5 39. Kf5 a4 40. Kxg5 a3 41. Kf5 a2 42. Nb3 h6 43. Kg6 Nd5 44. Kxh6 Nf4 
45. Kg5 Nxg2 46. Kg6 Nh4+ 47. Kg5 a1=Q 48. Nxa1 Nxf3+ 49. Kf4 Ne1 50. Nb3 Kg7 
51. Kf5 1/2-1/2

[Event "Tuesday 30 January Rapid Engine Tour 12+1 Rounds 9 Starts 1600 ST"]
[Site "Infinity Chess"]
[Date "2018.1.30"]
[Round "7"]
[White "Eman"]
[Black "MCDermont"]
[Result "1/2-1/2"]
[ECO "E04"]
[WhiteElo "2475"]
[BlackElo "2492"]
[WhiteEngine "Eman 1.68c 64-bit POPCNT"]
[BlackEngine "BrainFish 060118_CTG"]
[EventType "Swiss"]
[WhiteTeam ""]
[BlackTeam ""]
[PlyCount "126"]
[TimeControl "720+1"]

1. d4 Nf6 2. c4 e6 3. g3 d5 4. Bg2 dxc4 5. Nf3 Bb4+ 6. Bd2 a5 7. Qc2 b6 
8. O-O Bb7 9. Qxc4 O-O 10. Rc1 Bd6 11. Nc3 c5 12. Bg5 Nbd7 13. Rd1 Qb8 
14. e3 Rd8 15. Bf4 Bxf4 16. exf4 Ne4 17. Nb5 Nd6 18. Nxd6 Bd5 19. Qe2 Qxd6 
20. dxc5 bxc5 21. f5 h6 22. fxe6 Qxe6 23. Qc2 Bxa2 24. Qc3 Rab8 25. Re1 Qc4 
26. Qxa5 Bb3 27. Nd2 Qb4 28. Qxb4 Rxb4 29. Nxb3 Rxb3 30. Red1 Rbb8 31. Rac1 Nf6 
32. Rxd8+ Rxd8 33. Rc2 Rd1+ 34. Bf1 g6 35. Kg2 Kg7 36. Bb5 Rd4 37. Rxc5 Rd2 
38. b4 Ne4 39. Re5 f5 40. Kg1 Kf6 41. Re8 Rd1+ 42. Kg2 Rd2 43. Bc6 Nxf2 
44. Kf1 Nd3 45. b5 Ne5 46. Ba8 Rd6 47. Ke1 Rb6 48. Bd5 Ng4 49. Bc4 Nxh2 
50. Kd2 Nf3+ 51. Kc3 Ne5 52. Kd4 Nd7 53. Kd5 h5 54. Bd3 g5 55. Rh8 Ke7 
56. Rh7+ Kd8 57. Rxh5 Nf6+ 58. Kc5 Rxb5+ 59. Bxb5 Nxh5 60. Kd6 Nxg3 61. Ke6 Kc7 
62. Bd3 g4 63. Kf6 Kd6 1/2-1/2

[Event "Tuesday 30 January Rapid Engine Tour 12+1 Rounds 9 Starts 1600 ST"]
[Site "Infinity Chess"]
[Date "2018.1.30"]
[Round "7"]
[White "tris77"]
[Black "Thinker"]
[Result "1/2-1/2"]
[ECO "D37"]
[WhiteElo "2415"]
[BlackElo "2415"]
[WhiteEngine "stockfish_18012814_x64_modern_CTG"]
[BlackEngine "stockfish_18013009_x64_modern_CTG"]
[EventType "Swiss"]
[WhiteTeam ""]
[BlackTeam ""]
[PlyCount "85"]
[TimeControl "720+1"]

1. d4 d5 2. c4 e6 3. Nc3 Nf6 4. Nf3 Be7 5. Bg5 h6 6. Bh4 O-O 7. e3 b6 8. Be2 Bb7 
9. Rc1 dxc4 10. O-O Nbd7 11. Bxc4 c5 12. Bg3 Nh5 13. d5 Nxg3 14. hxg3 exd5 
15. Bxd5 Bxd5 16. Nxd5 Nf6 17. Nc3 Qc8 18. Qe2 Re8 19. Rfd1 a6 20. b3 Rb8 
21. a4 Qb7 22. e4 b5 23. axb5 axb5 24. e5 Bf8 25. Rd2 Qc6 26. Re1 Rb7 
27. Kf1 Ng4 28. Nd5 c4 29. bxc4 Qxc4 30. Qxc4 bxc4 31. Rd4 h5 32. Rxc4 Rb2 
33. Nf4 Rxf2+ 34. Kg1 Rb2 35. Nxh5 Rb4 36. Rxb4 Bxb4 37. Re4 Bc5+ 38. Kf1 f5 
39. Re1 Ne3+ 40. Ke2 Ng4 41. Kf1 Ne3+ 42. Ke2 Ng4 43. Kf1 1/2-1/2

[Event "Tuesday 30 January Rapid Engine Tour 12+1 Rounds 9 Starts 1600 ST"]
[Site "Infinity Chess"]
[Date "2018.1.30"]
[Round "7"]
[White "RonWeasley"]
[Black "MarioDeMonti"]
[Result "1/2-1/2"]
[ECO "C53"]
[WhiteElo "2467"]
[BlackElo "2476"]
[WhiteEngine "BrainFish 060118_CTG"]
[BlackEngine "stockfish_x64_bmi2_2018_01_23_CTG"]
[EventType "Swiss"]
[WhiteTeam ""]
[BlackTeam ""]
[PlyCount "111"]
[TimeControl "720+1"]

1. e4 e5 2. Nf3 Nc6 3. Bc4 Bc5 4. c3 Nf6 5. d3 d6 6. Bb3 a6 7. Nbd2 O-O 
8. O-O Ba7 9. Re1 Ng4 10. Re2 h6 11. Nf1 Na5 12. Bc2 Nf6 13. h3 c5 14. Ng3 Nc6 
15. Re1 b5 16. Be3 Be6 17. Qd2 Kh8 18. d4 cxd4 19. cxd4 Nxd4 20. Nxd4 exd4 
21. Bxd4 Bxd4 22. Qxd4 Rc8 23. Bb3 Qd7 24. Rad1 Rc6 25. Qb4 Qc7 26. e5 a5 
27. exd6 axb4 28. dxc7 Bxb3 29. axb3 Rxc7 30. Ne4 Nxe4 31. Rxe4 Rc2 32. Rd5 Rxb2 
33. Rxb4 Rc8 34. g3 Rc3 35. Rf4 f6 36. b4 Rc4 37. Rxb5 Rxf4 38. gxf4 g5 
39. Rb7 Kg8 40. b5 Kf8 41. Kg2 Rb3 42. b6 Ke8 43. Kf1 Kd8 44. fxg5 hxg5 
45. Ke2 Ke8 46. Kd2 Kd8 47. Ke2 Ke8 48. Kd1 Kd8 49. Kd2 f5 50. Ke1 Rxh3 
51. Rg7 Kc8 52. Rxg5 Rh6 53. Rxf5 Rxb6 54. Rd5 Kc7 55. Rd3 Rf6 56. Ke2 1/2-1/2